 Dungeon Crawl Stone Soup version 0.27-a0-1193-g8631133 (webtiles) character file.

Game seed: 3703317789265461623

42 Illumine the Caller (level 3, 0/20 HPs)
             Began as a Deep Elf Summoner on May 26, 2021.
             Slain by a white imp (2 damage)
             ... on level 3 of the Dungeon.
             The game lasted 00:04:09 (2959 turns).

Illumine the Caller (Deep Elf Summoner)             Turns: 2959, Time: 00:04:09

Health: 0/20       AC:  2    Str: 11    XL:     3   Next: 35%
Magic:  7/10       EV: 14    Int: 20    God:
Gold:   77         SH:  0    Dex: 21    Spells: 6/9 levels left

rFire    . . .     SeeInvis .   d - +0 short sword
rCold    . . .     Faith    .   (no shield)
rNeg     . . .     Spirit   .   a - +0 robe
rPois    .         Reflect  .   (no helmet)
rElec    .         Harm     .   (no cloak)
rCorr    .         Rampage  .   (no gloves)
Will     .....                  (no boots)
Stlth    ++........             (no amulet)
HPRegen  0.06/turn              b - +6 ring of dexterity
MPRegen  0.12/turn              e - +6 ring of strength

@: no status effects
A: no striking features
a: no special abilities


You were on level 3 of the Dungeon.
You visited 1 branch of the dungeon, and saw 3 of its levels.

You collected 77 gold pieces.

Inventory:

Hand Weapons
 d - a +0 short sword (weapon)
Missiles
 c - 77 stones
 i - 2 silver boomerangs
Armour
 a - a +0 robe (worn)
Jewellery
 b - a +6 ring of dexterity (left hand)
 e - a +6 ring of strength (right hand)
Scrolls
 h - a scroll of blinking {unknown}
 j - a scroll of teleportation {unknown}
 l - a scroll of enchant armour {unknown}
Potions
 f - a potion of lignification {unknown}
 g - a potion of brilliance {unknown}
 k - a potion of curing {unknown}


   Skills:
 + Level 1.0 Fighting
 + Level 3.3 Dodging
 - Level 2.4 Stealth
 + Level 3.6 Spellcasting
 + Level 4.6 Summonings


You had 6 spell levels left.
You knew the following spells:

 Your Spells              Type           Power      Damage    Failure   Level
a - Summon Small Mammal   Summ           88%        N/A       1%          1
b - Call Imp              Summ           22%        N/A       3%          2

Your spell library contained the following spells:

 Spells                   Type           Power      Damage    Failure   Level
 Call Canine Familiar     Summ           22%        N/A       6%          3
 Magic Dart               Conj           12%        1d3       14%         1
 Summon Guardian Golem    Hex/Summ       12%        N/A       16%         3
 Searing Ray              Conj           6%         3d3       21%         2
 Dazzling Flash           Conj/Hex       6%         N/A       38%         3
 Summon Ice Beast         Ice/Summ       12%        N/A       45%         4
 Summon Lightning Spire   Summ/Air       12%        N/A       45%         4
 Fulminant Prism          Conj/Hex       1%         3d6       80%         4
 Iskenderun's Mystic Bla  Conj/Tloc      3%         2d3       80%         4


Dungeon Overview and Level Annotations

Branches:
Dungeon (3/15)

Altars:

Annotations:
D:3 Sigmund


Message History

Casting: Call Imp (safe; 3% risk of failure)
Confirm with . or Enter, or press ? or * to list all spells.
A metallic apparition takes form in the air.
The frilled lizard hisses angrily.
Casting: Call Imp (safe; 3% risk of failure)
Confirm with . or Enter, or press ? or * to list all spells.
You miscast Call Imp.
You are very lightly contaminated with residual magic.
Nothing appears to happen.
The white imp shouts!
You barely miss the goblin.
Your iron imp hits the goblin!
The goblin dies!
The frilled lizard hisses.
The frilled lizard bites your iron imp but does no damage.
Your iron imp barely misses the frilled lizard.
The frilled lizard bites you. The white imp gestures at you.
The puff of frost hits you!
Ouch! That really hurt!
You hit the frilled lizard.
You kill the frilled lizard!
Your magical contamination has completely faded away.
You hit the white imp.
The white imp is severely wounded.
Your iron imp closely misses the white imp.
The white imp gestures at you. The puff of frost hits you!
* * * LOW HITPOINT WARNING * * *
You closely miss the white imp.
The white imp is severely wounded.
Your iron imp hits the white imp.
The white imp misses you.
You hit the white imp but do no damage.
The white imp is almost dead.
The white imp gestures at you. The puff of frost misses you.
Your iron imp barely misses the white imp.
You hit the white imp but do no damage.
The white imp is almost dead.
The white imp hits you.
You die...

........######.......
. #....... ..
#......#### ...
#......... ....
#.......# ##..
.....#.#.#..<#.....
.......)............
......$†5.....[.....
.......5@...........
.....#..............
.... ###............
... #............ ..
#..........## #.. .
#######....# #.. ....
.. . ##


You could see a white imp (ally target) and a friendly iron imp (summoned).

Vanquished Creatures
  An orc (D:2)
  2 ball pythons
  An endoplasm (D:1)
  A hobgoblin (D:2)
  A quokka (D:2)
  A frilled lizard (D:3)
7 creatures vanquished.

Vanquished Creatures (collateral kills)
  4 adders
  An orc (D:3)
  3 endoplasms
  4 goblins
  3 hobgoblins
  2 jackals (D:1)
  2 ball pythons
  2 bats
  A rat (D:1)
22 creatures vanquished.

Grand Total: 29 creatures vanquished

Notes
Turn   | Place    | Note
-------+----------+-------------------------------------------
     0 | D:1      | Illumine the Deep Elf Summoner began the quest for the Orb.
     0 | D:1      | Reached XP level 1. HP: 10/10 MP: 6/6
   967 | D:2      | Reached XP level 2. HP: 11/16 MP: 5/8
  1058 | D:2      | Learned a level 2 spell: Call Imp
  1426 | D:2      | Found a faded altar of an unknown god.
  2180 | D:2      | Reached skill level 1 in Fighting
  2180 | D:2      | Reached XP level 3. HP: 20/20 MP: 5/9
  2653 | D:3      | Noticed Sigmund
  2959 | D:3      | Slain by a white imp

Illustrated notes

Levels and vault maps discovered:
D:1:      psy_arrival_spokes, layout_loops_ring
D:2:      layout_basic, hellmonk_ecumenical_altar_crossroads,
          serial_corexii_hall, chequers_hall_statues_corner_a,
          chequers_hall_statues_wall_a, corexii_item_surrounded_by_moat,
          minmay_puff
D:3:      layout_basic, lemuel_tele_altar, serial_shops, shop, minmay_circle_x,
          uniq_sigmund

Skill      XL: |  1  2 |
---------------+-------+-----
Dodging        | 3 |  3.3
Fighting       | 1 |  1.0
Stealth        | |  2.4
Spellcasting   | |  3.6
Summonings     | |  4.6

Action                   || total
-------------------------++-------
Melee: Short sword       ||    34
       Club              ||     2
 Cast: Summon Small Mamm ||    25
       Call Imp          ||    26
 Stab: Sleeping          ||     1
Armor: Robe              ||     4
Dodge: Dodged            ||    39

Table legend: (Time is in decaauts)
 A = Elapsed time spent in this place.
 B = Non-inter-level travel time spent in this place.
 C = Inter-level travel time spent in this place.
 D = Time resting spent in this place.
 E = Time spent auto-exploring this place.
 F = Levels seen in this place.
 G = Mean time per level.
                   A        B        C        D        E       F      G
               +--------+--------+--------+--------+--------+-----+--------+
         Total |   2963 |   2746 |    217 |    960 |   1417 |   3 |  987.7 |
       Dungeon |   2963 |   2746 |    217 |    960 |   1417 |   3 |  987.7 |
               +--------+--------+--------+--------+--------+-----+--------+

Top non-repeatable levels by time:
     D:2: 1887 daAuts
     D:1: 950 daAuts
     D:3: 125 daAuts
